 Dungeon Crawl Stone Soup version 0.14-a0-2910-g8a9724b (webtiles) character file.

1209 Econoterrorist the Thaumaturge (level 8, -2/41 HPs)
             Began as a Deep Elf Fire Elementalist on Mar 2, 2014.
             Was an Initiate of Vehumet.
             Shot with an arrow of frost by a centaur (8 damage)
             ... on Level 6 of the Dungeon.
             The game lasted 00:30:30 (6955 turns).

Econoterrorist the Thaumaturge (DEFE)               Turns: 6955, Time: 00:30:30

HP  -2/41        AC  2     Str  7      XL: 8   Next:  1%
MP  27/27        EV 13     Int 21      God: Vehumet [......]
Gold 194         SH  0     Dex 18      Spells:  5 memorised,  8 levels left

rFire  . . .     SeeInvis .     C - +0 dagger (venom)
rCold  . . .     Clarity  .     a - +0 elf robe
rNeg   . . .     Conserve .     (no shield)
rPois  .         rCorr    .     (no helmet)
rElec  .         rRot     .     (no cloak)
SustAb . .       Spirit   .     (no gloves)
rMut   .         Warding  .     (no boots)
Saprov . . .     Stasis   .     (no amulet)
MR     .....                    (no ring)
                                u - +3 ring of dexterity

@: not resistant to hostile enchantments, stealthy
A: no striking features
a: Renounce Religion


You were on level 6 of the Dungeon.
You worshipped Vehumet.
Vehumet was noncommittal.
You were hungry.

You visited 2 branches of the dungeon, and saw 7 of its levels.

You collected 194 gold pieces.

Inventory:

Hand weapons
 o - a +2,+0 cutlass
 s - a +0 blowgun
 C - a +0,+0 dagger of venom (weapon)
Missiles
 t - 3 curare-tipped needles
Armour
 a - a +0 elven robe (worn)
Magical devices
 B - a wand of slowing (9)
Comestibles
 c - 3 bread rations
 w - a meat ration
Scrolls
 d - 2 scrolls of remove curse
 e - 6 scrolls of identify
 j - a scroll of blinking {unknown}
 l - a scroll of immolation {unknown}
 n - a scroll of random uselessness {unknown}
 p - 3 scrolls of enchant weapon I {unknown}
 v - a scroll of curse armour {unknown}
 x - 2 scrolls of teleportation
 A - a scroll of magic mapping {unknown}
Jewellery
 h - an uncursed ring of ice
 u - a +3 ring of dexterity (left hand)
Potions
 f - a potion of restore abilities {unknown}
 g - 2 potions of speed {unknown}
 i - a potion of magic {unknown}
 k - 3 potions of heal wounds {unknown}
 m - a potion of agility {unknown}
 q - a potion of mutation {unknown}
 z - a potion of lignification {unknown}
Books
 b - a book of Flames

   Spells                             Type                      Level
   *Flame Tongue                      Conjuration/Fire             1
   *Throw Flame                       Conjuration/Fire             2
   *Conjure Flame                     Conjuration/Fire             3
   Inner Flame                        Hexes/Fire                   3
   *Sticky Flame                      Conjuration/Fire             4
   *Fireball                          Conjuration/Fire             5
 y - a book of Wizardry

   Spells                             Type                      Level
   Summon Elemental                   Summoning                    4
   Agony                              Necromancy                   5
   Force Lance                        Conjuration                  5
   *Fireball                          Conjuration/Fire             5
   Haste                              Charms                       6
   Invisibility                       Hexes                        6


   Skills:
 + Level 2.8 Dodging
 - Level 2.4 Stealth
 - Level 8.0 Spellcasting
 - Level 6.0 Conjurations
 - Level 6.0 Fire Magic


You had 8 spell levels left.
You knew the following spells:

 Your Spells              Type           Power        Failure   Level  Hunger
a - Flame Tongue          Conj/Fire      ####.        1%          1    None
b - Throw Flame           Conj/Fire      ####..       1%          2    None
c - Sticky Flame          Conj/Fire      ####....     8%          4    ###....
d - Conjure Flame         Conj/Fire      ####....     1%          3    None
e - Fireball              Conj/Fire      ####......   21%         5    ####...


Dungeon Overview and Level Annotations

Branches:
Dungeon (6/16)             Temple (1/1) D:5

Altars:
Ashenzari
Cheibriados
Elyvilon
Kikubaaqudgha
Nemelex Xobeh
Sif Muna
Trog
Vehumet
Xom
Yredelemnul


Message History

a glowing dagger; a dart; a kobold corpse
C - a glowing dagger Wield which item (- for none, * to show all)? (? for menu, Esc to quit)
It begins to drip with poison!
C - a +0,+0 dagger of venom (weapon)
A centaur comes into view.
The centaur shouts!
The centaur wields a glowing bow.
It is covered in frost.
The centaur shoots an arrow of frost.
The arrow of frost hits you!
You see here an arrow.
The centaur shoots an arrow of frost.
The arrow of frost hits you!
You see here an arrow.
The centaur shoots an arrow of frost.
The arrow of frost hits you!
Your fizzy cyan potion freezes and shatters!
* * * LOW HITPOINT WARNING * * *
You see here an arrow.
Drink which item? (? for menu, Esc to quit)
Okay, then.
The centaur shoots an arrow of frost.
The arrow of frost hits you!
You die...

. # ..... ..... ########
#..#.# ###....... .
..#.## #.......#. #.
#...# #.......#.
...####...### #.......#.
#..........###...<.....
#..@..............#.
#.((....###.........
#....#.(.### #(......##
≈≈≈≈≈≈≈≈≈≈≈≈# #####...#
≈≈≈≈≈≈≈≈≈≈≈≈... .......
≈≈≈≈≈≈≈≈≈≈≈≈.#.#.........
≈≈≈≈≈≈≈≈≈≈≈.# #.........
≈≈≈≈c≈≈≈≈≈.. .........
≈...≈≈≈≈≈.#. ......#.


You could see a centaur.

Vanquished Creatures
  An ice beast (D:5)
  2 sky beasts (D:5)
  Duvessa (D:4)
  Dowan (D:4)
  A hound (D:5)
  The ghost of bart the Cudgeler, a weakling VSWr (D:4)
  2 orc priests
  2 iguanas
  3 giant frog skeletons (D:4)
  3 worker ants
  A scorpion (D:5)
  A killer bee zombie (D:5)
  Terence (D:3)
  4 gnolls
  3 giant mites
  6 adders
  3 worms
  An adder skeleton (D:4)
  A giant eyeball (D:5)
  3 giant geckos
  An ooze (D:1)
  7 orcs
  A ball python (D:3)
  6 giant cockroaches
  12 goblins
  7 hobgoblins
  8 jackals
  9 kobolds
  5 quokkas
  14 bats
  2 giant newts
  A hobgoblin skeleton (D:4)
  An orc zombie (D:5)
  13 rats
  2 rat zombies (D:5)
130 creatures vanquished.

Notes
Turn   | Place    | Note
--------------------------------------------------------------
     0 | D:1      | Econoterrorist, the Deep Elf Fire Elementalist, began the quest for the Orb.
     0 | D:1      | Reached XP level 1. HP: 10/10 MP: 5/5
    87 | D:1      | Reached XP level 2. HP: 4/15 MP: 0/8
   160 | D:1      | Learned a level 2 spell: Throw Flame
   459 | D:1      | Reached skill level 4 in Fire Magic
   624 | D:1      | Reached XP level 3. HP: 12/19 MP: 5/10
  1864 | D:2      | Reached XP level 4. HP: 17/24 MP: 9/13
  2044 | D:2      | Learned a level 4 spell: Sticky Flame
  2473 | D:3      | Reached skill level 5 in Fire Magic
  2690 | D:3      | Reached XP level 5. HP: 18/28 MP: 4/16
  2707 | D:3      | Learned a level 3 spell: Conjure Flame
  2850 | D:3      | Found a snail-covered altar of Cheibriados.
  3105 | D:3      | Noticed Terence
  3114 | D:3      | Killed Terence
  3860 | D:4      | Reached skill level 5 in Conjurations
  4059 | D:4      | Reached XP level 6. HP: 32/32 MP: 11/18
  4062 | D:4      | Noticed Duvessa
  4118 | D:4      | Killed Duvessa
  4160 | D:4      | Noticed Dowan
  4568 | D:4      | Killed Dowan
  4568 | D:4      | Reached skill level 6 in Fire Magic
  4634 | D:4      | Noticed bart's ghost (weakling VSWr)
  4639 | D:4      | Killed bart's ghost
  4794 | D:4      | Reached XP level 7. HP: 9/36 MP: 12/20
  5108 | D:5      | Entered Level 5 of the Dungeon
  5132 | D:5      | Reached skill level 5 in Spellcasting
  5936 | D:5      | Reached skill level 7 in Spellcasting
  6151 | D:5      | Found a sparkling altar of Nemelex Xobeh.
  6612 | D:5      | Found a staircase to the Ecumenical Temple.
  6621 | Temple   | Entered the Ecumenical Temple
  6649 | Temple   | Became a worshipper of Vehumet
  6693 | D:5      | Reached skill level 8 in Spellcasting
  6823 | D:5      | Reached XP level 8. HP: 41/41 MP: 17/27
  6891 | D:5      | Learned a level 5 spell: Fireball
  6955 | D:6      | Shot with an arrow of frost by a centaur

Action                   |  1- 3 |  4- 6 |  7- 9 || total
-------------------------+-------+-------+-------++-------
Melee: Dagger            |    28 |    21 |       ||    49
       Cutlass           |       |    19 |    67 ||    86
 Cast: Flame Tongue      |    65 |    83 |    30 ||   178
       Throw Flame       |     1 |    29 |    22 ||    52
       Sticky Flame      |       |    12 |     9 ||    21
Evoke: Wand              |       |       |     2 ||     2
  Use: Scroll            |     3 |       |       ||     3
       Potion            |     1 |     1 |       ||     2
 Stab: Sleeping          |     1 |     2 |     4 ||     7
